 Dungeon Crawl Stone Soup version 0.29-a0-330-g52719c12eb (webtiles) character file.

Game seed: 18087021023701383882

222 Flugslaktarn the Stinger (level 6, -1/43 (45) HPs)
             Began as a Human Venom Mage on Apr 13, 2022.
             Slain by a necrophage (4 damage)
             ... on level 4 of the Dungeon.
             The game lasted 00:05:20 (1121 turns).

Flugslaktarn the Stinger (Human Venom Mage)         Turns: 1121, Time: 00:05:20

HP:   -1/43 (45)    AC:  3    Str:  8    XL:     6   Next: 19%
MP:   12/19         EV: 12    Int: 21    God:
Gold: 88            SH:  0    Dex: 14    Spells: 5/11 levels left

rFire   . . .      SeeInvis .   i - +0 short sword
rCold   . . .      Faith    +   (no shield)
rNeg    . . .      Spirit   .   h - +1 robe "Naynnigy" {Int+4}
rPois   .          Reflect  .   (no helmet)
rElec   .          Harm     .   (no cloak)
rCorr   +          Rampage  .   (no gloves)
Will    +....                   (no boots)
Stlth   ++........              j - amulet of faith
HPRegen 0.14/turn               l - ring of magical power
MPRegen 0.16/turn               m - ring of resist corrosion

@: about to teleport, very slightly contaminated, lightly drained
A: strong-willed 1, robust 1
a: no special abilities


You were on level 4 of the Dungeon.
You visited 1 branch of the dungeon, and saw 5 of its levels.

You collected 88 gold pieces.

Inventory:

Hand Weapons
 i - a +0 short sword (weapon)
   (You took it off a kobold on level 2 of the Dungeon)
Missiles
 c - 2 curare-tipped darts (quivered)
 n - 71 stones
Armour
 a - a +0 robe
 h - the +1 robe "Naynnigy" (worn) {Int+4}
   (You found it on level 2 of the Dungeon)

   Int:       It affects your intelligence (+4).
Jewellery
 j - an amulet of faith (around neck)
   (You found it on level 2 of the Dungeon)
 l - a ring of magical power (left hand)
   (You found it on level 2 of the Dungeon)
 m - a ring of resist corrosion (right hand)
   (You found it on level 2 of the Dungeon)
Scrolls
 f - a scroll of fear {unknown}
 o - a scroll of brand weapon {unknown}
 p - a scroll of acquirement {unknown}
 q - a scroll of amnesia {unknown}
Potions
 b - a potion of magic
 k - a potion of haste {unknown}


   Skills:
 - Level 2.0 Dodging
 - Level 2.0 Stealth
 - Level 3.0 Spellcasting
 - Level 2.0 Transmutations
 - Level 2.0 Air Magic
 + Level 5.1 Poison Magic


You had 5 spell levels left.
You knew the following spells:

 Your Spells              Type           Power      Damage    Failure   Level
a - Sting                 Tmut/Pois      72%        1d6       3%          1
b - Poisonous Vapours     Pois/Air       36%        N/A       4%          2
c - Mephitic Cloud        Conj/Pois/Air  13%        N/A       16%         3

Your spell library contained the following spells:

 Spells                   Type           Power      Damage    Failure   Level
 Corpse Rot               Necr/Air       14%        N/A       13%         2
 Olgreb's Toxic Radiance  Pois           24%        N/A       16%         4


Dungeon Overview and Level Annotations

Branches:
Dungeon (5/15)
 Temple: D:4-7

Altars:
Kikubaaqudgha

Annotations:
D:3 exclusion: orc wizard


Innate Abilities, Weirdness & Mutations

You are strong-willed. (Will+)
You are robust. (+10% HP)


Message History

Casting: Sting (safe; 3% risk of failure)
Confirm with . or Enter, or press ? or * to list all spells.
Aiming: Sting (safe; 3% risk of failure)
Press: ? - help, Shift-Dir - straight line, f/p - hound
Aim: a hound (heavily wounded, poisoned, 64% to hit)
The sting hits the hound.
The hound looks even sicker.
The hound is severely wounded.
The hound misses you. x2; The sky beast flickers out of sight!
Deactivating autopickup; reactivate with Ctrl-A.
You kill the hound!
Your Poison Magic skill increases to level 5!
You have reached level 6!
The ufetubus attacks as you move away!
The ufetubus hits you but does no damage.
The ufetubus hits you. The ufetubus completely misses you. x2
The ufetubus barely misses you. The ufetubus closely misses you.
There is a stone staircase leading up here.
The ufetubus closely misses you. The ufetubus completely misses you.
You climb upwards.
You hear the hiss of flowing sand.
There is an entrance to an ossuary on this level.
Hurry and find it before the portal is buried!
You hear the brisk hiss of a very distant avalanche of sand.
Reactivating autopickup.
There is a stone staircase leading down here.
Casting: Sting (safe; 3% risk of failure)
Confirm with . or Enter, or press ? or * to list all spells.
Aiming: Sting (safe; 3% risk of failure)
Press: ? - help, Shift-Dir - straight line, f - necrophage
Aim: a necrophage (74% to hit)
The sting hits the necrophage.
The necrophage is lightly damaged.
The ufetubus completely misses you. The ufetubus barely misses you.
The ufetubus hits you but does no damage.
The ufetubus hits you.
The necrophage hits you but does no damage.
Casting: Sting (safe; 3% risk of failure)
Confirm with . or Enter, or press ? or * to list all spells.
Aiming: Sting (safe; 3% risk of failure)
Press: ? - help, Shift-Dir - straight line, f/p - necrophage
Aim: a necrophage (lightly damaged, 74% to hit)
The sting hits the necrophage.
The necrophage partially resists.
The necrophage is lightly damaged.
The ufetubus hits you but does no damage. x2
The necrophage hits you but does no damage.
Casting: Sting (safe; 3% risk of failure)
Confirm with . or Enter, or press ? or * to list all spells.
Aiming: Sting (safe; 3% risk of failure)
Press: ? - help, Shift-Dir - straight line, f - ufetubus, p - necrophage
Aim: an ufetubus (57% to hit)
You miscast Sting.
You are very lightly contaminated with residual magic.
Nothing appears to happen.
The ufetubus hits you but does no damage.
The ufetubus closely misses you. x2; The ufetubus hits you.
The necrophage misses you.
Casting: Sting (safe; 3% risk of failure)
Confirm with . or Enter, or press ? or * to list all spells.
Aiming: Sting (safe; 3% risk of failure)
Press: ? - help, Shift-Dir - straight line, f/p - ufetubus
Aim: an ufetubus (57% to hit)
The sting hits the ufetubus.
The ufetubus is poisoned.
The ufetubus is heavily wounded.
The ufetubus hits you but does no damage.
The ufetubus barely misses you. The necrophage hits you.
Casting: Sting (safe; 3% risk of failure)
Confirm with . or Enter, or press ? or * to list all spells.
Aiming: Sting (safe; 3% risk of failure)
Press: ? - help, Shift-Dir - straight line, f/p - ufetubus
Aim: an ufetubus (severely wounded, poisoned, 57% to hit)
The sting misses the ufetubus.
You kill the ufetubus!
The necrophage closely misses you.
Casting: Sting (safe; 3% risk of failure)
Confirm with . or Enter, or press ? or * to list all spells.
Aiming: Sting (safe; 3% risk of failure)
Press: ? - help, Shift-Dir - straight line, f - necrophage
Aim: a necrophage (lightly damaged, 74% to hit)
The sting hits the necrophage.
The necrophage partially resists.
The necrophage is lightly damaged.
The necrophage hits you.
* * * LOW HITPOINT WARNING * * *
You feel drained.
* * * LOW HITPOINT WARNING * * *
Casting: Sting (safe; 3% risk of failure)
Confirm with . or Enter, or press ? or * to list all spells.
Aiming: Sting (safe; 3% risk of failure)
Press: ? - help, Shift-Dir - straight line, f/p - necrophage
Aim: a necrophage (lightly damaged, 74% to hit)
The sting hits the necrophage.
The necrophage partially resists.
The necrophage is lightly damaged.
The necrophage hits you.
* * * LOW HITPOINT WARNING * * *
You feel drained.
* * * LOW HITPOINT WARNING * * *
Unknown command.
As you read the scroll labelled MEIXONL RAOHYPH, it crumbles to dust.
You feel strangely unstable.
It was a scroll of teleportation.
The necrophage hits you.
You die...

#.........# .#
#.....###.##?#
.####.n...# #.##.#
.....<....# #.##.#
..........# #..#.#
..........# ##.#.#
......#...####...#
......###.......n#
......# #.......@#
....... #........#
#.##### #........#
########.. #...
#... #.... #....


You could see a necrophage.

Vanquished Creatures
  A killer bee (D:4)
  An orc priest (D:3)
  2 hounds (D:5)
  Natasha (D:3)
  An orc wizard (D:3)
  2 ufetubi
  A worm (D:2)
  A dart slug (D:2)
  An orc (D:3)
  A ball python (D:1)
  3 endoplasms
  A giant cockroach (D:1)
  3 hobgoblins
  2 quokkas
  A bat (D:2)
  2 frilled lizards
  2 kobolds
  4 rats
30 creatures vanquished.

Notes
Turn   | Place    | Note
-------+----------+-------------------------------------------
     0 | D:1      | Flugslaktarn the Human Venom Mage began the quest for the
                  | Orb.
     0 | D:1      | Reached XP level 1. HP: 13/13 MP: 3/3
   233 | D:2      | Identified the +1 robe "Naynnigy" {Int+4}
   287 | D:1      | Reached XP level 2. HP: 15/19 MP: 1/5
   310 | D:1      | Learned a level 2 spell: Poisonous Vapours
   507 | D:3      | Noticed Natasha
   515 | D:3      | Killed Natasha
   516 | D:3      | Reached skill level 1 in Air Magic
   516 | D:3      | Reached XP level 3. HP: 6/24 MP: 5/6
   612 | D:2      | Found an ancient bone altar of Kikubaaqudgha.
   772 | D:3      | Reached XP level 4. HP: 24/30 MP: 7/7
   779 | D:3      | Found a faded altar of an unknown god.
   814 | D:3      | Reached XP level 5. HP: 8/35 MP: 8/9
   868 | D:4      | Learned a level 3 spell: Mephitic Cloud
   883 | D:4      | HP: 1/35 [killer bee (7)]
   886 | D:4      | Reached skill level 4 in Poison Magic
  1063 | D:5      | Entered Level 5 of the Dungeon
  1089 | D:5      | Noticed a sky beast
  1099 | D:5      | Gained mutation: You are robust. (+10% HP) [potion of
                  | mutation]
  1099 | D:5      | Gained mutation: You are strong-willed. (Will+) [potion of
                  | mutation]
  1108 | D:5      | Reached skill level 5 in Poison Magic
  1108 | D:5      | Reached XP level 6. HP: 25/45 MP: 10/10
  1120 | D:4      | HP: 2/43 [necrophage (3)]
  1121 | D:4      | Slain by a necrophage

Illustrated notes

Levels and vault maps discovered:
D:1:      minmay_arrival_glassed_features, layout_basic, serial_glass,
          glass_columns_a, glass_columns_c
D:2:      layout_basic, basic_altar
D:3:      layout_basic, okawaru_metal_pillars_1_2, serial_shops, shop,
          shapermc_ecumenical_altar_venn, minmay_misc_feat_square, uniq_natasha
D:4:      layout_basic, mainiacjoe_overflow_paths, enter_ossuary_4,
          corexii_corridor_pit, uniq_blork_the_orc, uniq_menkaure
D:5:      minmay_recursive_quarters, layout_basic,
          lemuel_coloured_pillars_altar, uniq_ijyb

Skill      XL: |  1  2  3  4  5 |
---------------+----------------+-----
Transmutations | 2 |  2.0
Air Magic      | 1 2 |  2.0
Spellcasting   | 3 |  3.0
Poison Magic   | 5 |  5.1
Dodging        | |  2.0
Stealth        | |  2.0

Action                   |  1- 3 |  4- 6 || total
-------------------------+-------+-------++-------
Melee: Unarmed           |    11 |       ||    11
       Short sword       |     9 |     3 ||    12
Throw: Dart              |       |     1 ||     1
 Cast: Sting             |    34 |    29 ||    63
       Poisonous Vapours |       |     4 ||     4
  Use: Potion            |       |     4 ||     4
       Scroll            |       |     1 ||     1
 Stab: Sleeping          |     2 |       ||     2
Armor: Robe              |     7 |    15 ||    22
Dodge: Dodged            |    22 |    43 ||    65

Table legend: (Time is in decaauts)
 A = Elapsed time spent in this place.
 B = Non-inter-level travel time spent in this place.
 C = Inter-level travel time spent in this place.
 D = Time resting spent in this place.
 E = Time spent auto-exploring this place.
 F = Levels seen in this place.
 G = Mean time per level.
                   A        B        C        D        E       F      G
               +--------+--------+--------+--------+--------+-----+--------+
         Total |   1123 |    972 |    151 |      0 |      0 |   5 |  224.6 |
       Dungeon |   1123 |    972 |    151 |      0 |      0 |   5 |  224.6 |
               +--------+--------+--------+--------+--------+-----+--------+

Top non-repeatable levels by time:
     D:2: 463 daAuts
     D:3: 330 daAuts
     D:1: 191 daAuts
     D:4: 87 daAuts
     D:5: 49 daAuts
